 Dungeon Crawl Stone Soup version 0.21.1-1-g345015f (webtiles) character file.

120 prawnwizard the Ruffian (level 5, -2/37 HPs)
             Began as an Octopode Fighter on July 4, 2018.
             Was a Follower of Makhleb.
             Slain by an orc
             ... wielding a +0 short sword
              (4 damage)
             ... on level 3 of the Dungeon.
             The game lasted 00:01:52 (1550 turns).

prawnwizard the Ruffian (Octopode Fighter)          Turns: 1550, Time: 00:01:53

Health: -2/37      AC:  1    Str: 16    XL:     5   Next: 4%
Magic:  5/5        EV: 14    Int: 10    God:    Makhleb [*.....]
Gold:   65         SH:  0    Dex: 12    Spells: 4/4 levels left

rFire    . . .     SeeInvis .     - Unarmed
rCold    . . .     Gourm    .   (no shield)
rNeg     . . .     Faith    .   (helmet restricted)
rPois    +         Spirit   .   (no amulet)
rElec    .         Reflect  .   i - ring of poison resistance
rCorr    .         Harm     .   (no ring)
MR       .....                  (no ring)
Stlth    ++........             (no ring)
HPRegen  0.12/turn              (no ring)
MPRegen  0.09/turn              (no ring)
                                (no ring)
                                (no ring)

@: no status effects
A: almost no armour, stealthy swim, amphibious, 8 rings, constrict 8, camouflage
1, gelatinous body 1
a: Renounce Religion


You were on level 3 of the Dungeon.
You worshipped Makhleb.
Makhleb was aware of your devotion.
You were not hungry.

You visited 1 branch of the dungeon, and saw 3 of its levels.

You collected 65 gold pieces.

Inventory:

Jewellery
 i - a ring of poison resistance (left tentacle)
Scrolls
 d - a scroll of remove curse {unknown}
 e - a scroll of enchant armour {unknown}
 f - a scroll of noise {unknown}
 g - a scroll of fog {unknown}
 j - 2 scrolls of teleportation {unknown}
 k - a scroll of enchant weapon {unknown}
Potions
 b - 2 potions of might
 h - a potion of resistance {unknown}
Comestibles
 a - 3 chunks of flesh
 c - 3 rations


   Skills:
 + Level 3.8 Fighting
 + Level 3.7 Dodging
   Level 3.0 Shields
 * Level 3.8 Unarmed Combat


You had 4 spell levels left.
You didn't know any spells.

Dungeon Overview and Level Annotations

Branches:
Dungeon (3/15)

Altars:
Makhleb


Innate Abilities, Weirdness & Mutations

You cannot wear most types of armour.
You are very stealthy in the water. (Stealth+)
You are amphibious.
You can wear up to eight rings at the same time.
You can use your tentacles to constrict eight enemies at once.
Your skin changes colour to match your surroundings (Stealth+).
Your rubbery body absorbs attacks. (AC +1, EV +1)


Message History

You feel stronger.
The orc priest mumbles some strange prayers to Beogh against you.
Beogh smites you!
* * * LOW HITPOINT WARNING * * *
You barely miss the goblin. Your grab misses the goblin.
Your squeeze misses the goblin. The goblin barely misses you.
You miss the goblin. You grab the goblin.
You tentacle-slap the goblin, but do no damage.
You constrict the goblin. The goblin barely misses you.
You tentacle-slap the goblin.
You kill the goblin!
Makhleb accepts your kill.
You tentacle-slap the orc. Your grab misses the orc.
The orc is heavily wounded.
The orc closely misses you.
You tentacle-slap the orc but do no damage.
Your grab misses the orc. Your squeeze misses the orc.
The orc is heavily wounded.
The orc hits you with a short sword.
You die... ...###. ..... ..... ... wog

.# #o# ...# #o#
....########@##.#
#...........?...###
#####..########.###...#
..............#.# .###
........#####.#.##.....
#...........#........#
#.#..................#
.....................#
#.#...........#.######


You could see a worm, an orc priest, 2 orcs and a hobgoblin.

Vanquished Creatures
  An orc priest (D:3)
  An iguana (D:3)
  An adder (D:2)
  A gnoll (D:1)
  A worm (D:3)
  2 dart slugs
  A leopard gecko (D:1)
  3 bats (D:1)
  2 giant cockroaches (D:1)
  6 goblins
  A hobgoblin (D:1)
  2 jackals (D:1)
  7 kobolds
  A quokka (D:2)
  2 ball pythons
  2 frilled lizards (D:1)
  8 rats
42 creatures vanquished.

Notes
Turn   | Place    | Note
-------+----------+-------------------------------------------
     0 | D:1      | prawnwizard the Octopode Fighter began the quest for the Orb.
     0 | D:1      | Reached XP level 1. HP: 16/16 MP: 1/1
   104 | D:1      | Reached XP level 2. HP: 10/21 MP: 2/2
   466 | D:1      | Reached XP level 3. HP: 17/26 MP: 3/3
  1173 | D:2      | Reached XP level 4. HP: 31/31 MP: 4/4
  1415 | D:2      | Found a faded altar of an unknown god.
  1447 | D:2      | Became a worshipper of Makhleb the Destroyer
  1447 | D:2      | Reached * piety under Makhleb
  1545 | D:3      | Reached XP level 5. HP: 13/37 MP: 5/5
  1545 | D:3      | HP: 1/37 [orc priest/divine providence (12)]
  1550 | D:3      | Slain by an orc

Skill      XL: |  1  2  3 |
---------------+----------+-----
Unarmed Combat | 3 |  3.8
Fighting       | |  3.8
Dodging        | |  3.7
Shields        | |  3.0

Action                   |  1- 3 |  4- 6 || total
-------------------------+-------+-------++-------
Melee: Unarmed           |    63 |    26 ||    89
       Constrict         |    20 |     6 ||    26
       Tentacles         |     8 |     3 ||    11
       Punch             |     1 |     1 ||     2
 Stab: Sleeping          |     3 |     3 ||     6
  Eat: Chunk             |     1 |     1 ||     2
Armor: Skin              |    12 |       ||    12
Dodge: Dodged            |    44 |    14 ||    58
